| TOP OF THE 1ST |
|
Bluefield Blue Jays batting - Pitching for Texas (APP) Rangers : RHP Torsten Fisher
|
|
Pitching: RHP Torsten Fisher
|
|
|
Batting: LHB Jessie Stewart
|
0-0: Swinging Strike 0-1: Ball 1-1: Foul Ball, location: 2F 1-2: Strikes out swinging
|
|
Batting: SHB Toby Patenaude
|
0-0: Ball 1-0: Called Strike 1-1: Foul Ball, location: 2F 1-2: Ball 2-2: Strikes out looking
|
|
Batting: RHB Mark Noftall
|
0-0: Foul Ball, location: 2F 0-1: Foul Ball, location: 2F 0-2: Foul Ball, location: 2F 0-2: Ball 1-2: Foul Ball, location: 2F 1-2: Ball 2-2: Strikes out swinging
|
| Top of the 1st over - 0 runs, 0 hits, 0 errors, 0 left on base; Bluefield 0 - Texas (APP) 0 |
| BOTTOM OF THE 1ST |
|
Texas (APP) Rangers batting - Pitching for Bluefield Blue Jays : LHP Frank Cota
|
|
Pitching: LHP Frank Cota
|
|
|
Batting: SHB Tim Rogers
|
0-0: Ball 1-0: Foul Ball, location: 2F 1-1: Ball 2-1: Called Strike 2-2: Foul Ball, location: 2F 2-2: SINGLE (Groundball, 6MD, EV 101.9 MPH)
|
|
Batting: RHB Robert Topete
|
0-0: Called Strike Tim Rogers is caught stealing 2nd base 2-4 0-1: SINGLE (Groundball, 6D, EV 97.5 MPH)
|
|
Batting: RHB Ron Squires
|
0-0: Fly out, F8 (Flyball, 8RM, EV 91.2 MPH)
|
|
Batting: RHB Ryan Salas
|
0-0: Ball 1-0: Fly out, F6 (Popup, P, EV 81.9 MPH)
|
| Bottom of the 1st over - 0 runs, 2 hits, 0 errors, 1 left on base; Bluefield 0 - Texas (APP) 0 |
| TOP OF THE 2ND |
|
Bluefield Blue Jays batting - Pitching for Texas (APP) Rangers : RHP Torsten Fisher
|
|
Batting: RHB Jim Sabin
|
0-0: SINGLE (Groundball, 6D, EV 108.8 MPH)
|
|
Batting: RHB Tom Bergman
|
0-0: Called Strike 0-1: Swinging Strike 0-2: Strikes out swinging
|
|
Batting: RHB Benedikt Fleischmann
|
0-0: Called Strike 0-1: Ball 1-1: Swinging Strike 1-2: Strikes out swinging
|
|
Batting: RHB Victor Ortiz
|
0-0: Foul Ball, location: 2F 0-1: Ball 1-1: Called Strike 1-2: Foul Ball, location: 2F 1-2: Strikes out swinging
|
| Top of the 2nd over - 0 runs, 1 hit, 0 errors, 1 left on base; Bluefield 0 - Texas (APP) 0 |
| BOTTOM OF THE 2ND |
|
Texas (APP) Rangers batting - Pitching for Bluefield Blue Jays : LHP Frank Cota
|
|
Batting: RHB Evan Fry
|
0-0: Ball 1-0: Foul Ball, location: 2F 1-1: SINGLE (Groundball, 4M, EV 101.2 MPH) (infield hit)
|
|
Batting: RHB Josh Shoemaker
|
0-0: SINGLE (Groundball, 56D, EV 104.4 MPH) Evan Fry to second
|
|
Batting: RHB Pat Martin
|
0-0: Swinging Strike 0-1: Called Strike 0-2: Ball 1-2: Fly out, F5 (Line Drive, 5L, EV 62.5 MPH)
|
|
Batting: LHB Bobby Scott
|
0-0: SINGLE (Line Drive, 6D, EV 98.8 MPH) Evan Fry to third Josh Shoemaker to second Runner from 3rd tries for Home, SAFE, throw by LF to home
|
|
Batting: SHB Tyler Romo
|
0-0: Ball 1-0: Foul Ball, location: 2F 1-1: Called Strike 1-2: Fielders Choice at 2nd, 5-4 (Groundball, 5, EV 102.5 MPH) Josh Shoemaker to third
|
|
Batting: SHB Tim Rogers
|
0-0: Ball 1-0: Ball Tyler Romo steals 2nd base 2-0: Foul Ball, location: 2F 2-1: Ball 3-1: Base on Balls
|
|
Batting: RHB Robert Topete
|
0-0: Called Strike 0-1: Ball 1-1: Fly out, F7 (Flyball, 7D, EV 101.2 MPH)
|
| Bottom of the 2nd over - 1 run, 3 hits, 0 errors, 3 left on base; Bluefield 0 - Texas (APP) 1 |
| TOP OF THE 3RD |
|
Bluefield Blue Jays batting - Pitching for Texas (APP) Rangers : RHP Torsten Fisher
|
|
Batting: RHB Jerry Perez
|
0-0: Called Strike 0-1: Ball 1-1: Ball 2-1: Swinging Strike 2-2: Strikes out swinging
|
|
Batting: RHB Hanley Hernandez
|
0-0: Ground out 6-3 (Groundball, 6, EV 90.0 MPH)
|
|
Batting: LHB Jessie Stewart
|
0-0: Swinging Strike 0-1: Foul Ball, location: 2F 0-2: Strikes out swinging
|
| Top of the 3rd over - 0 runs, 0 hits, 0 errors, 0 left on base; Bluefield 0 - Texas (APP) 1 |
| BOTTOM OF THE 3RD |
|
Texas (APP) Rangers batting - Pitching for Bluefield Blue Jays : LHP Frank Cota
|
|
Batting: RHB Ron Squires
|
0-0: Swinging Strike 0-1: Ball 1-1: Swinging Strike 1-2: Ball 2-2: Strikes out looking
|
|
Batting: RHB Ryan Salas
|
0-0: Ball 1-0: SINGLE (Groundball, 4MD, EV 95.0 MPH)
|
|
Batting: RHB Evan Fry
|
0-0: DOUBLE (Line Drive, 7LM, EV 101.2 MPH) Ryan Salas to third
|
|
Batting: RHB Josh Shoemaker
|
0-0: Ground out 6-3 (Groundball, 6, EV 79.4 MPH) Ryan Salas scores
|
|
Batting: RHB Pat Martin
|
0-0: Ball 1-0: Ball 2-0: SINGLE (Line Drive, 7S, EV 86.2 MPH) Evan Fry to third Runner from 3rd tries for Home, SAFE, throw by LF to home
|
|
Batting: LHB Bobby Scott
|
0-0: Ground out U3 (Groundball, 34S, EV 70.0 MPH)
|
| Bottom of the 3rd over - 2 runs, 3 hits, 0 errors, 1 left on base; Bluefield 0 - Texas (APP) 3 |
| TOP OF THE 4TH |
|
Bluefield Blue Jays batting - Pitching for Texas (APP) Rangers : RHP Torsten Fisher
|
|
Batting: SHB Toby Patenaude
|
0-0: Ball 1-0: Fly out, F7 (Flyball, 78S, EV 88.8 MPH)
|
|
Batting: RHB Mark Noftall
|
0-0: Swinging Strike 0-1: Swinging Strike 0-2: Foul Ball, location: 2F 0-2: Ground out 4-3 (Groundball, 4, EV 88.1 MPH)
|
|
Batting: RHB Jim Sabin
|
0-0: Fly out, F9 (Flyball, 9, EV 89.4 MPH)
|
| Top of the 4th over - 0 runs, 0 hits, 0 errors, 0 left on base; Bluefield 0 - Texas (APP) 3 |
| BOTTOM OF THE 4TH |
|
Texas (APP) Rangers batting - Pitching for Bluefield Blue Jays : LHP Frank Cota
|
|
Batting: SHB Tyler Romo
|
0-0: Ball 1-0: Foul Ball, location: 2F 1-1: Fly out, F8 (Flyball, 8RM, EV 96.9 MPH)
|
|
Batting: SHB Tim Rogers
|
0-0: Ball 1-0: Ball 2-0: Ball 3-0: Called Strike 3-1: Foul Ball, location: 2F 3-2: Ground out 6-3 (Groundball, 6S, EV 86.2 MPH)
|
|
Batting: RHB Robert Topete
|
0-0: DOUBLE (Line Drive, 7LM, EV 104.4 MPH)
|
|
Batting: RHB Ron Squires
|
0-0: Swinging Strike 0-1: Ball 1-1: Fly out, F7 (Line Drive, 7S, EV 102.5 MPH)
|
| Bottom of the 4th over - 0 runs, 1 hit, 0 errors, 1 left on base; Bluefield 0 - Texas (APP) 3 |
| TOP OF THE 5TH |
|
Bluefield Blue Jays batting - Pitching for Texas (APP) Rangers : RHP Torsten Fisher
|
|
Batting: RHB Tom Bergman
|
0-0: Called Strike 0-1: Ball 1-1: Called Strike 1-2: Strikes out swinging
|
|
Batting: RHB Benedikt Fleischmann
|
0-0: Fly out, F8 (Flyball, 8RS, EV 86.9 MPH)
|
|
Batting: RHB Victor Ortiz
|
0-0: Ball 1-0: Ball 2-0: Foul Ball, location: 2F 2-1: Foul Ball, location: 2F 2-2: Ball 3-2: Base on Balls
|
|
Batting: RHB Jerry Perez
|
0-0: Ball 1-0: Ball 2-0: Foul Ball, location: 2F 2-1: SINGLE (Groundball, 6MD, EV 96.2 MPH) Victor Ortiz to second
|
|
Batting: RHB Hanley Hernandez
|
0-0: Swinging Strike 0-1: Foul Ball, location: 2F 0-2: Strikes out looking
|
| Top of the 5th over - 0 runs, 1 hit, 0 errors, 2 left on base; Bluefield 0 - Texas (APP) 3 |
| BOTTOM OF THE 5TH |
|
Texas (APP) Rangers batting - Pitching for Bluefield Blue Jays : LHP Frank Cota
|
|
Batting: RHB Ryan Salas
|
0-0: Called Strike 0-1: Ball 1-1: Ball 2-1: Ball 3-1: Base on Balls
|
|
Batting: RHB Evan Fry
|
0-0: Ball 1-0: Foul Ball, location: 2F 1-1: Foul Ball, location: 2F 1-2: Ball 2-2: Fly out, F4 (Line Drive, 4, EV 66.9 MPH)
|
|
Batting: RHB Josh Shoemaker
|
0-0: Ball 1-0: Ball 2-0: Ball 3-0: Base on Balls Ryan Salas to second
|
|
Batting: RHB Pat Martin
|
0-0: Ball 1-0: Ball 2-0: Called Strike 2-1: Ball 3-1: Grounds into double play, 5-4-3 (Groundball, 5, EV 84.4 MPH)
|
| Bottom of the 5th over - 0 runs, 0 hits, 0 errors, 1 left on base; Bluefield 0 - Texas (APP) 3 |
| TOP OF THE 6TH |
|
Bluefield Blue Jays batting - Pitching for Texas (APP) Rangers : RHP Torsten Fisher
|
|
Batting: LHB Jessie Stewart
|
0-0: Called Strike 0-1: Fly out, F4 (Popup, 4M, EV 55.6 MPH)
|
|
Batting: SHB Toby Patenaude
|
0-0: Ball 1-0: Ball 2-0: Swinging Strike 2-1: Ball 3-1: Swinging Strike 3-2: Strikes out looking
|
|
Batting: RHB Mark Noftall
|
0-0: Called Strike 0-1: Ball 1-1: Ball 2-1: Foul Ball, location: 2F 2-2: Foul Ball, location: 2F 2-2: Ball 3-2: SINGLE (Groundball, 25, EV 67.5 MPH) (infield hit)
|
|
Batting: RHB Jim Sabin
|
0-0: Ball 1-0: Called Strike 1-1: Ball 2-1: Foul Ball, location: 2F 2-2: Ball 3-2: Foul Ball, location: 2F 3-2: Base on Balls Mark Noftall to second
|
|
Pitching: LHP Matt Hawk
|
|
|
Batting: RHB Tom Bergman
|
0-0: Called Strike 0-1: Foul Ball, location: 2F 0-2: Strikes out swinging
|
| Top of the 6th over - 0 runs, 1 hit, 0 errors, 2 left on base; Bluefield 0 - Texas (APP) 3 |
| BOTTOM OF THE 6TH |
|
Texas (APP) Rangers batting - Pitching for Bluefield Blue Jays : LHP Frank Cota
|
|
Batting: LHB Bobby Scott
|
0-0: SINGLE (Groundball, 6MD, EV 107.5 MPH)
|
|
Batting: SHB Tyler Romo
|
0-0: Ball 1-0: Swinging Strike 1-1: Foul Ball, location: 2F 1-2: Strikes out swinging
|
|
Pitching: RHP Jason Hanson
|
|
|
Batting: SHB Tim Rogers
|
0-0: Called Strike 0-1: Fielders Choice at 2nd, 1-6 (Groundball, 34S, EV 70.6 MPH)
|
|
Batting: RHB Robert Topete
|
0-0: Foul Ball, location: 2F 0-1: Ball 1-1: Called Strike Tim Rogers is caught stealing 2nd base 2-4
|
| Bottom of the 6th over - 0 runs, 1 hit, 0 errors, 0 left on base; Bluefield 0 - Texas (APP) 3 |
| TOP OF THE 7TH |
|
Bluefield Blue Jays batting - Pitching for Texas (APP) Rangers : LHP Matt Hawk
|
|
Batting: RHB Benedikt Fleischmann
|
0-0: Ball 1-0: Fly out, F2 (Popup, 3SF, EV 80.6 MPH)
|
|
Batting: RHB Victor Ortiz
|
0-0: Called Strike 0-1: Ball 1-1: Called Strike 1-2: Ball 2-2: Strikes out looking
|
|
Batting: RHB Jerry Perez
|
0-0: Called Strike 0-1: Ball 1-1: Swinging Strike 1-2: Foul Ball, location: 2F 1-2: Strikes out swinging
|
| Top of the 7th over - 0 runs, 0 hits, 0 errors, 0 left on base; Bluefield 0 - Texas (APP) 3 |
| BOTTOM OF THE 7TH |
|
Texas (APP) Rangers batting - Pitching for Bluefield Blue Jays : RHP Jason Hanson
|
|
Batting: RHB Robert Topete
|
0-0: Ground out U3 (Groundball, 34, EV 105.0 MPH)
|
|
Batting: RHB Ron Squires
|
0-0: Foul Ball, location: 2F 0-1: DOUBLE (Flyball, 78D, EV 100.6 MPH)
|
|
Batting: RHB Ryan Salas
|
0-0: Ground out 4-3 (Groundball, 4, EV 100.0 MPH) Ron Squires to third
|
|
Batting: RHB Evan Fry
|
0-0: SINGLE (Line Drive, 9S, EV 106.9 MPH) Ron Squires scores
|
|
Batting: RHB Josh Shoemaker
|
0-0: Called Strike 0-1: Foul Ball, location: 2F 0-2: Strikes out swinging
|
| Bottom of the 7th over - 1 run, 2 hits, 0 errors, 1 left on base; Bluefield 0 - Texas (APP) 4 |
| TOP OF THE 8TH |
|
Bluefield Blue Jays batting - Pitching for Texas (APP) Rangers : LHP Matt Hawk
|
|
Batting: RHB Hanley Hernandez
|
0-0: Called Strike 0-1: Ball 1-1: Swinging Strike 1-2: Strikes out swinging
|
|
Batting: LHB Jessie Stewart
|
0-0: Foul Ball, location: 2F 0-1: Ball 1-1: Called Strike 1-2: Ball 2-2: Foul Ball, location: 2F 2-2: SINGLE (Line Drive, 7LS, EV 106.2 MPH)
|
|
Batting: SHB Toby Patenaude
|
0-0: Called Strike 0-1: Swinging Strike 0-2: Ball 1-2: Ball 2-2: Foul Ball, location: 2F 2-2: Strikes out swinging
|
|
Batting: RHB Mark Noftall
|
0-0: Ball 1-0: Ball 2-0: Swinging Strike 2-1: Ball 3-1: Ground out 5-3 (Groundball, 5S, EV 68.1 MPH)
|
| Top of the 8th over - 0 runs, 1 hit, 0 errors, 1 left on base; Bluefield 0 - Texas (APP) 4 |
| BOTTOM OF THE 8TH |
|
Texas (APP) Rangers batting - Pitching for Bluefield Blue Jays : RHP Jason Hanson
|
|
Batting: RHB Pat Martin
|
0-0: Swinging Strike 0-1: Foul Ball, location: 2F 0-2: Foul Ball, location: 5F, Error on foul ball, E5 0-2: Ball 1-2: Ball 2-2: Ball 3-2: Foul Ball, location: 2F 3-2: Foul Ball, location: 2F 3-2: Foul Ball, location: 2F 3-2: DOUBLE (Line Drive, 5D, EV 96.2 MPH)
|
|
Batting: LHB Bobby Scott
|
0-0: Ball 1-0: Ball 2-0: Sac Bunt to 13S - play at first, batter OUT! 1-4 Pat Martin to third
|
|
Batting: SHB Tyler Romo
|
0-0: Ball 1-0: Ball 2-0: Ball 3-0: Base on Balls
|
|
Batting: SHB Tim Rogers
|
0-0: Grounds into double play, 4-6-3 (Groundball, 4S, EV 94.4 MPH)
|
| Bottom of the 8th over - 0 runs, 1 hit, 1 error, 1 left on base; Bluefield 0 - Texas (APP) 4 |
| TOP OF THE 9TH |
|
Bluefield Blue Jays batting - Pitching for Texas (APP) Rangers : LHP Matt Hawk
|
|
Pitching: RHP Tim Bemish
|
|
|
Batting: RHB Jim Sabin
|
0-0: Called Strike 0-1: Ball 1-1: Called Strike 1-2: Strikes out looking
|
|
Pinch Hitting: RHB Brandon Williams
|
0-0: Ground out 5-3 (Groundball, 56, EV 86.9 MPH)
|
|
Batting: RHB Benedikt Fleischmann
|
0-0: Called Strike 0-1: Ball 1-1: Swinging Strike 1-2: Ball 2-2: Fly out, F4 (Popup, 4MD, EV 53.1 MPH)
|
| Top of the 9th over - 0 runs, 0 hits, 0 errors, 0 left on base; Bluefield 0 - Texas (APP) 4 |
|